[ AOE2 MATCH · #508084626 ]
UnrankedBohemians vs Teutons
Player's team · LOSS
Rival team · WIN
[ REPLAY ANALYSIS · EXTRACTED FROM THE RECORDED GAME ]
Feudal
10:56
Castle
14:57
Imperial
—
| APM avg | 21.7 |
| APM peak | 55 |
| eAPM avg | 15.9 |
| Villagers / military | 36 / 2 |
Focus
⚔️ 22.4% · 🌾 77.6%
Mangonel ×2
Feudal
8:51
Castle
—
Imperial
—
| APM avg | 65.1 |
| APM peak | 106 |
| eAPM avg | 35.8 |
| Villagers / military | 63 / 13 |
Focus
⚔️ 51.7% · 🌾 48.3%
Scout Cavalry ×13
Match map
Initial resources + every placement click. Lines = walls · curves = elevation contours. ◆ gold · ⬟ stone · ● berries · ✦ relic · ◌ wall gap
Your base· ✓ Closed at 14:57 · 43t walls · 4 gate(s)
SVTT | Альпинист's base· ✓ Closed at 12:00 · 10t walls · 3 gate(s)
Smoothed initial terrain · ◌ = detected wall gap · hover for details
Inputs per minute
— Light - - SVTT | Альпинист
Build order — Light
93 actions detected in the replay
| 0:01 | Queue | Villager (Male) |
| 0:01 | Queue | Villager (Male) |
| 0:01 | Queue | Villager (Male) |
| 0:02 | Build | House |
| 0:04 | Build | House |
| 0:20 | Queue | Villager (Male) |
| 1:28 | Queue | Villager (Male) |
| 1:46 | Build | Lumber Camp |
| 1:58 | Queue | Villager (Male) |
| 2:20 | Queue | Villager (Male) |
| 2:50 | Queue | Villager (Male) |
| 2:50 | Queue | Villager (Male) |
| 3:27 | Build | House |
| 3:32 | Build | House |
| 3:34 | Build | House |
| 3:42 | Queue | Villager (Male) |
| 3:52 | Queue | Villager (Male) |
| 4:02 | Build | Palisade Gate |
| 4:06 | Build | Palisade Wall |
| 4:11 | Build | Palisade Wall |
| 4:13 | Build | Palisade Wall |
| 4:15 | Build | Palisade Wall |
| 4:19 | Build | Palisade Wall |
| 4:21 | Build | Palisade Wall |
| 4:24 | Build | Palisade Wall |
| 4:26 | Queue | Villager (Male) |
| 4:28 | Build | Palisade Wall |
| 4:30 | Build | Palisade Wall |
| 4:32 | Build | Palisade Wall |
| 4:40 | Queue | Villager (Male) |
| 4:57 | Queue | Villager (Male) |
| 5:12 | Build | Mill |
| 5:18 | Queue | Villager (Male) |
| 5:46 | Queue | Villager (Male) |
| 6:07 | Queue | Villager (Male) |
| 6:09 | Queue | Villager (Male) |
| 6:19 | Queue | Villager (Male) |
| 6:34 | Build | Farm |
| 6:35 | Build | Farm |
| 6:41 | Queue | Villager (Male) |
| 7:00 | Queue | Villager (Male) |
| 7:00 | Queue | Villager (Male) |
| 7:31 | Queue | Villager (Male) |
| 8:23 | Build | Mining Camp |
| 8:28 | Build | Barracks |
| 8:35 | Research | Feudal Age |
| 9:10 | Research | Loom |
| 9:11 | Queue | Villager (Male) |
| 9:34 | Build | Palisade Wall |
| 9:44 | Build | Palisade Wall |
| 10:37 | Build | Palisade Wall |
| 10:44 | Build | Palisade Wall |
| 10:53 | Build | Palisade Wall |
| 10:56 | Age | Feudal Age |
| 11:03 | Build | Market |
| 11:23 | Build | Stable |
| 11:37 | Queue | Villager (Male) |
| 11:46 | Build | House |
| 12:17 | Research | Castle Age |
| 13:31 | Build | Watch Tower |
| 13:45 | Build | House |
| 14:14 | Build | Lumber Camp |
| 14:14 | Queue | Villager (Male) |
| 14:46 | Queue | Villager (Male) |
| 14:57 | Age | Castle Age |
| 14:59 | Build | Stone Wall |
| 15:05 | Queue | Villager (Male) |
| 15:27 | Build | Stone Wall |
| 15:42 | Queue | Villager (Male) |
| 15:57 | Build | Stone Wall |
| 16:15 | Queue | Villager (Male) |
| 16:21 | Build | Market |
| 16:57 | Build | Lumber Camp |
| 16:58 | Queue | Villager (Male) |
| 17:17 | Build | Blacksmith |
| 17:26 | Build | Farm |
| 17:29 | Build | Farm |
| 17:31 | Build | Farm |
| 17:36 | Build | Farm |
| 17:48 | Build | Farm |
| 17:57 | Build | Siege Workshop |
| 18:12 | Build | Farm |
| 18:14 | Build | Farm |
| 18:17 | Queue | Villager (Male) |
| 18:40 | Queue | Mangonel |
| 18:48 | Build | House |
| 18:49 | Build | House |
| 18:50 | Build | House |
| 18:51 | Queue | Villager (Male) |
| 19:09 | Queue | Villager (Male) |
| 19:24 | Queue | Mangonel |
| 19:41 | Queue | Villager (Male) |
| 20:26 | Queue | Villager (Male) |
Build order — SVTT | Альпинист
139 actions detected in the replay
| 0:00 | Queue | Villager (Male) |
| 0:01 | Queue | Villager (Male) |
| 0:01 | Queue | Villager (Male) |
| 0:01 | Queue | Villager (Male) |
| 0:02 | Build | House |
| 0:04 | Build | House |
| 1:35 | Queue | Villager (Male) |
| 1:54 | Queue | Villager (Male) |
| 1:59 | Build | Palisade Gate |
| 2:01 | Build | Palisade Wall |
| 2:05 | Build | Palisade Wall |
| 2:10 | Build | Palisade Wall |
| 2:12 | Queue | Villager (Male) |
| 2:16 | Build | Palisade Wall |
| 2:17 | Build | Palisade Wall |
| 2:19 | Build | Palisade Wall |
| 2:21 | Build | Palisade Wall |
| 2:25 | Build | Palisade Wall |
| 2:28 | Build | Palisade Wall |
| 2:31 | Build | Palisade Wall |
| 2:39 | Queue | Villager (Male) |
| 2:57 | Queue | Villager (Male) |
| 3:13 | Queue | Villager (Male) |
| 3:32 | Build | House |
| 3:37 | Queue | Villager (Male) |
| 3:37 | Queue | Villager (Male) |
| 3:52 | Build | Lumber Camp |
| 4:00 | Queue | Villager (Male) |
| 4:27 | Queue | Villager (Male) |
| 4:27 | Queue | Villager (Male) |
| 5:15 | Queue | Villager (Male) |
| 5:15 | Queue | Villager (Male) |
| 5:15 | Queue | Villager (Male) |
| 5:56 | Build | Mining Camp |
| 6:41 | Research | Feudal Age |
| 6:41 | Research | Feudal Age |
| 6:41 | Research | Loom |
| 7:41 | Queue | Villager (Male) |
| 7:52 | Build | House |
| 8:51 | Age | Feudal Age |
| 8:54 | Build | Watch Tower |
| 9:09 | Queue | Villager (Male) |
| 9:32 | Build | Blacksmith |
| 9:49 | Queue | Villager (Male) |
| 10:01 | Queue | Villager (Male) |
| 10:10 | Queue | Villager (Male) |
| 10:14 | Build | House |
| 10:26 | Research | Fletching |
| 10:26 | Research | Fletching |
| 10:30 | Build | Watch Tower |
| 10:44 | Queue | Villager (Male) |
| 11:27 | Build | Mill |
| 11:42 | Build | Watch Tower |
| 11:53 | Build | Farm |
| 12:05 | Queue | Villager (Male) |
| 12:06 | Queue | Villager (Male) |
| 12:15 | Build | House |
| 12:37 | Queue | Villager (Male) |
| 13:08 | Queue | Villager (Male) |
| 13:27 | Build | Farm |
| 13:30 | Build | Farm |
| 13:34 | Queue | Villager (Male) |
| 13:56 | Build | Watch Tower |
| 14:06 | Queue | Villager (Male) |
| 14:30 | Queue | Villager (Male) |
| 14:32 | Build | Farm |
| 14:39 | Build | Farm |
| 14:43 | Build | House |
| 14:47 | Queue | Villager (Male) |
| 15:01 | Build | Farm |
| 15:25 | Queue | Villager (Male) |
| 15:25 | Queue | Villager (Male) |
| 15:25 | Queue | Villager (Male) |
| 15:29 | Build | Farm |
| 15:33 | Build | Watch Tower |
| 15:50 | Queue | Villager (Male) |
| 15:50 | Queue | Villager (Male) |
| 15:58 | Queue | Villager (Male) |
| 16:06 | Queue | Villager (Male) |
| 16:07 | Queue | Villager (Male) |
| 16:36 | Build | Watch Tower |
| 16:39 | Research | Horse Collar |
| 16:39 | Research | Horse Collar |
| 17:04 | Queue | Villager (Male) |
| 17:04 | Queue | Villager (Male) |
| 17:04 | Queue | Villager (Male) |
| 17:19 | Build | Barracks |
| 17:19 | Queue | Villager (Male) |
| 17:20 | Queue | Villager (Male) |
| 17:20 | Queue | Villager (Male) |
| 17:20 | Queue | Villager (Male) |
| 17:31 | Research | Double-Bit Axe |
| 17:31 | Research | Double-Bit Axe |
| 17:46 | Queue | Villager (Male) |
| 17:49 | Queue | Villager (Male) |
| 17:49 | Queue | Villager (Male) |
| 17:57 | Build | Stable |
| 18:00 | Queue | Villager (Male) |
| 18:12 | Queue | Villager (Male) |
| 18:12 | Queue | Villager (Male) |
| 18:16 | Queue | Scout Cavalry |
| 18:16 | Queue | Scout Cavalry |
| 18:24 | Build | House |
| 18:29 | Queue | Villager (Male) |
| 18:34 | Queue | Villager (Male) |
| 18:42 | Build | House |
| 18:45 | Queue | Scout Cavalry |
| 18:45 | Queue | Scout Cavalry |
| 18:47 | Queue | Villager (Male) |
| 18:47 | Queue | Villager (Male) |
| 18:50 | Queue | Villager (Male) |
| 18:56 | Queue | Scout Cavalry |
| 18:58 | Queue | Villager (Male) |
| 19:12 | Build | Watch Tower |
| 19:14 | Research | Scale Barding Armor |
| 19:14 | Research | Scale Barding Armor |
| 19:17 | Build | Farm |
| 19:19 | Build | Farm |
| 19:19 | Build | Farm |
| 19:19 | Build | Farm |
| 19:20 | Build | Farm |
| 19:25 | Build | Farm |
| 19:27 | Queue | Scout Cavalry |
| 19:53 | Queue | Scout Cavalry |
| 19:53 | Queue | Scout Cavalry |
| 19:56 | Build | Watch Tower |
| 20:27 | Queue | Scout Cavalry |
| 20:28 | Queue | Scout Cavalry |
| 20:29 | Queue | Scout Cavalry |
| 20:38 | Queue | Villager (Male) |
| 20:39 | Queue | Villager (Male) |
| 20:42 | Queue | Villager (Male) |
| 20:42 | Queue | Villager (Male) |
| 20:48 | Build | Farm |
| 20:49 | Build | Farm |
| 20:49 | Build | Farm |
| 20:49 | Build | Farm |
| 21:05 | Queue | Scout Cavalry |
| 21:05 | Queue | Scout Cavalry |
Match timeline
| 2:01 | SVTT | Альпинист · wall_segment Palisade Wall x1 |
| 2:05 | SVTT | Альпинист · wall_segment Palisade Wall x1 |
| 2:10 | SVTT | Альпинист · wall_segment Palisade Wall x1 |
| 2:16 | SVTT | Альпинист · wall_segment Palisade Wall x1 |
| 2:17 | SVTT | Альпинист · wall_segment Palisade Wall x1 |
| 2:19 | SVTT | Альпинист · wall_segment Palisade Wall x1 |
| 2:21 | SVTT | Альпинист · wall_segment Palisade Wall x1 |
| 2:25 | SVTT | Альпинист · wall_segment Palisade Wall x1 |
| 2:28 | SVTT | Альпинист · wall_segment Palisade Wall x1 |
| 2:31 | SVTT | Альпинист · wall_segment Palisade Wall x1 |
| 4:06 | Light · wall_segment Palisade Wall x1 |
| 4:11 | Light · wall_segment Palisade Wall x1 |
| 4:13 | Light · wall_segment Palisade Wall x1 |
| 4:15 | Light · wall_segment Palisade Wall x1 |
| 4:19 | Light · wall_segment Palisade Wall x1 |
| 4:21 | Light · wall_segment Palisade Wall x1 |
| 4:24 | Light · wall_segment Palisade Wall x1 |
| 4:28 | Light · wall_segment Palisade Wall x1 |
| 4:30 | Light · wall_segment Palisade Wall x1 |
| 4:32 | Light · wall_segment Palisade Wall x1 |
| 8:28 | Light · first_building Barracks |
| 8:51 | SVTT | Альпинист · age_up feudal |
| 9:34 | Light · wall_segment Palisade Wall x6 |
| 9:44 | Light · wall_segment Palisade Wall x15 |
| 10:37 | Light · wall_segment Palisade Wall x1 |
| 10:44 | Light · wall_segment Palisade Wall x4 |
| 10:53 | Light · wall_segment Palisade Wall x7 |
| 10:56 | Light · age_up feudal |
| 11:23 | Light · first_building Stable |
| 11:56 | Light · first_market_buy 100 food |
| 12:01 | Light · first_market_sell 100 stone |
| 14:57 | Light · age_up castle |
| 14:59 | Light · wall_segment Stone Wall x4 |
| 15:27 | Light · wall_segment Stone Wall x4 |
| 15:57 | Light · wall_segment Stone Wall x3 |
| 17:19 | SVTT | Альпинист · first_building Barracks |
| 17:57 | SVTT | Альпинист · first_building Stable |
| 17:57 | Light · first_building Siege Workshop |
| 21:08 | Light · resign |
[ AI ANALYSIS · 1 CREDIT ]
What really happened in this match?
Wolo.gg analyzes every decision: build order, eco, micro, common mistakes by bracket. Personalized analysis on WhatsApp or Discord in 30 seconds.
Civ guide
Bohemians
Perfil
Light